 Dungeon Crawl Stone Soup version 0.24-a0-769-g368c1644f8 (webtiles) character file.

Game seed: 12910671722882013523, levelgen mode: deterministic

19 Arixos the Scratcher (level 2, -3/12 HPs)
             Began as a Felid Transmuter on Oct 5, 2019.
             Slain by an adder (5 damage)
             ... on level 1 of the Dungeon.
             The game lasted 00:04:48 (647 turns).

Arixos the Scratcher (Felid Transmuter)              Turns: 647, Time: 00:04:49

Health: -3/12      AC:  1    Str:  6    XL:     2   Next: 55%
Magic:  5/6        EV: 18    Int: 14    God:
Gold:   98         SH:  0    Dex: 16    Spells: 2/5 levels left
                                        Lives:  0   Deaths: 0

rFire    . . .     SeeInvis +     - Unarmed
rCold    . . .     Gourm    .   (shield unavailable)
rNeg     . . .     Faith    .   (armour unavailable)
rPois    .         Spirit   .   (helmet unavailable)
rElec    .         Reflect  .   (cloak unavailable)
rCorr    .         Harm     .   (gloves unavailable)
MR       .....                  (boots unavailable)
Stlth    ++........             (no amulet)
HPRegen  0.04/turn              (no ring)
MPRegen  0.10/turn              (no ring)

@: lethally poisoned (-3 -> -14), appendage (expiring), very slightly
contaminated, quick
A: very small, no armour, no weapons or thrown items, stealth, claws 1, fangs 3,
horns 2, see invisible, carnivore, speed 1, shaggy fur 1, slow metabolism 1,
sharp paws
a: End Transformation


You were on level 1 of the Dungeon.
You were very full.
You had grown temporary horns.
You visited 1 branch of the dungeon, and saw 2 of its levels.

You collected 98 gold pieces.

Inventory:

Missiles
 a - 32 arrows
Scrolls
 b - 2 scrolls of amnesia {unknown}
 f - 2 scrolls of remove curse {unknown}
 g - a scroll of teleportation {unknown}
Potions
 d - 2 potions of brilliance {unknown}
 e - a potion of mutation {unknown}
Comestibles
 c - 2 rations


   Skills:
 + Level 1.3 Fighting
 + Level 3.0 Dodging
 + Level 1.2 Stealth
 + Level 3.1 Unarmed Combat
 + Level 2.1 Spellcasting
 + Level 2.4 Transmutations


You had 2 spell levels left.
You knew the following spells:

 Your Spells              Type           Power        Failure   Level  Hunger
a - Beastly Appendage     Tmut           #.....       9%          1    #......
d - Sticks to Snakes      Tmut           #.......     13%         2    ###....

Your spell library contained the following spells:

 Spells                   Type           Power        Failure   Level  Hunger
 Spider Form              Tmut/Pois      #.........   38%         3    ###....
 Ice Form                 Ice/Tmut       #.......     80%         4    #####..
 Blade Hands              Tmut           #.........   94%         5    ######.


Dungeon Overview and Level Annotations

Branches:
Dungeon (2/15)

Altars:


Innate Abilities, Weirdness & Mutations

You cannot wear armour.
You are incapable of wielding weapons or throwing items.
Your paws allow you to move quietly. (Stealth)
You have sharp claws.
You have razor-sharp teeth.
You have supernaturally acute eyesight. (SInv)
You are carnivorous and can eat meat at any time.
You cover ground quickly.
You are covered in fur. (AC +1)
You have a slow metabolism.
Your sharp claws are effective at attacking unaware monsters.
You have a pair of horns on your head.


Message History

The adder misses you.
You closely miss the adder. Your bite misses the adder.
You feel sick. The adder bites you.
You scratch the adder. Your headbutt misses the adder.
Your bite misses the adder.
The adder is moderately wounded.
The adder bites you.
* * * LOW HITPOINT WARNING * * *
You are more poisoned.
The adder poisons you!
You barely miss the adder.
You headbutt the adder, but do no damage.
The adder is moderately wounded.
The adder completely misses you.
You completely miss the adder.
You headbutt the adder, but do no damage.
The adder is moderately wounded.
* * * LOW HITPOINT WARNING * * *
You feel sick. The adder bites you.
You die...

...........##.#......#.####
#.#
.....♣.....##...)....#.#
#.#
...........###.#+#####.#
#.# <.........## #.#.# #.#
#.# ......#∩###
#...#####'########.#
#.....∩.#
##..........##).....
#≈....###
#..........##.....# ###♣♣##
#S.........########
##@................
#######.##########
#.........# #.##.####.#
#.#.....#.# #.#..##.#.#
#.#..#..#.# #.#..####.#
#.#.......#


You could see an adder.

Vanquished Creatures
  An ooze (D:1)
  A bat (D:1)
  A giant cockroach (D:1)
  4 goblins
  A hobgoblin (D:1)
  A ball python (D:1)
  A frilled lizard (D:1)
  2 kobolds (D:1)
  3 rats (D:1)
15 creatures vanquished.

Notes
Turn   | Place    | Note
-------+----------+-------------------------------------------
     0 | D:1      | Arixos the Felid Transmuter began the quest for the Orb.
     0 | D:1      | Reached XP level 1. HP: 9/9 MP: 4/4
   136 | D:1      | Reached XP level 2. HP: 8/12 MP: 4/6
   247 | D:1      | Learned a level 2 spell: Sticks to Snakes
   262 | D:1      | Reached skill level 1 in Stealth
   647 | D:1      | Slain by an adder

Levels and vault maps discovered:
D:1:      nzn_arrival_settlement, layout_basic, minmay_misc_feat_columns
D:2:      layout_loops_cross

Skill      XL: |  1  2 |
---------------+-------+-----
Dodging        | 3 |  3.0
Stealth        | 1 |  1.2
Fighting       | |  1.3
Unarmed Combat | |  3.1
Spellcasting   | |  2.1
Transmutations | |  2.4

Action                   || total
-------------------------++-------
Melee: Unarmed           ||    33
       Bite              ||     4
       Headbutt          ||     4
       Punch             ||     1
 Cast: Beastly Appendage ||     7
 Stab: Sleeping          ||     3
  Eat: Chunk             ||     6
Armor: Skin              ||     1
Dodge: Dodged            ||    27

Table legend:
 A = Non-vault XP
 B = Vault XP
 C = Vault XP percentage of total XP
 D = Non-vault monster count
 E = Vault monster count
 F = Vault count percentage of total count
                 A         B        C        D         E       F
            +---------+---------+-------+---------+---------+-------
      Total |      28 |       0 |   0.0 |      15 |       0 |   0.0
            +---------+---------+-------+---------+---------+-------
        D:1 |      26 |       0 |   0.0 |      14 |       0 |   0.0
        D:2 |       2 |       0 |   0.0 |       1 |       0 |   0.0
            +---------+---------+-------+---------+---------+-------
